[Event "*** Titled Tuesday Blitz"]
[Site "Chess.com"]
[Date "2020.11.24"]
[Round "3"]
[White "Nadeev_Sergey"]
[Black "platy3"]
[Result "0-1"]
[WhiteElo "2458"]
[BlackElo "2840"]
[TimeControl "180+1"]
[EndTime "10:45:18 PST"]
[Termination "platy3 won by resignation"]

1. d4 Nf6 2. Bf4 c5 3. dxc5 Na6 4. Nc3 Nxc5 5. g3 g6 6. Bg2 Bg7 7. Nf3 O-O 8. O-O d6 9. Rb1 Bd7 10. Ng5 Rb8 11. Nge4 Nfxe4 12. Nxe4 Nxe4 13. Bxe4 Qa5 14. a3 Bc6 15. Bg2 Rfc8 16. e4 b5 17. c3 Qb6 18.
Qd2 a5 19. Bg5 Rc7 20. Be3 Qb7 21. Bd4 Bxe4 22. Bxe4 Qxe4 23. Bxg7 Kxg7 24. Rfe1 Qc6 25. Rbd1 Qc5 26. Re4 Rb6 27. h4 e6 28. Rd4 Rcc6 29. Rg4 Qh5 30. Rg5 Qf3 31. Re1 h6 32. Re3 Qf6 33.
Rg4 Rc4 34. Ree4 d5 35. Ref4 Rxf4 36. Rxf4 Qe5 37. Rd4 Rc6 38. a4 Rb6 39. axb5 Rxb5 40. Ra4 Qf6 41. Kg2 Qe5 42. Kg1 Qb8 43. b3 Rxb3 44.
Qd4+ e5 45. Qxd5 Rb1+ 46. Kg2 Rb5 47. Qe4 Rc5 48. Rd4 0-1

[Event "*** Titled Tuesday Blitz"]
[Site "Chess.com"]
[Date "2020.11.24"]
[Round "3"]
[White "GMaka"]
[Black "keepitcool9499"]
[Result "0-1"]
[WhiteElo "2422"]
[BlackElo "2627"]
[TimeControl "180+1"]
[EndTime "10:45:18 PST"]
[Termination "keepitcool9499 won by resignation"]

1. d4 e6 2. c4 d5 3. Nc3 Nf6 4. cxd5 exd5 5. Bg5 Be7 6. e3 O-O 7. Bd3 c6 8. Qc2 Nbd7 9. Nge2 Re8 10. f3 Nf8 11.
O-O Ng6 12. Rad1 Nh5 13. Bxe7 Qxe7 14. e4 Nhf4 15. e5 Qg5 16. Nxf4 Nxf4 17. g3 Bh3 18. Rf2 Bd7 19. Kh1 Nxd3 20. Qxd3 f6 21. f4 Qh5 22. Re1 Bf5 23. Qe3 fxe5 24. fxe5 Rf8 25.
Ref1 Be6 26. Rxf8+ Rxf8 27. Rxf8+ Kxf8 28. Ne2 Qg6 29. Nf4 Qb1+ 30. Qg1 Qe4+ 31. Qg2 Ke7 32. Qxe4 dxe4 33.
a3 g5 34. Ne2 Bc4 35. Nc3 e3 36. Kg2 g4 37. b4 Ke6 38. Kg1 b6 39. Kg2 h5 40. Kg1 c5 41. dxc5 bxc5 42. bxc5 Kxe5 43. Kg2 Kd4 44. c6 Kxc3 45. c7 Be6 46. Kf1 Kd2 47. Kg2 Bc8 0-1

[Event "*** Titled Tuesday Blitz"]
[Site "Chess.com"]
[Date "2020.11.24"]
[Round "3"]
[White "Limelight2727"]
[Black "Gogolev_Artemy"]
[Result "0-1"]
[WhiteElo "1923"]
[BlackElo "2468"]
[TimeControl "180+1"]
[EndTime "10:45:18 PST"]
[Termination "Gogolev_Artemy won by checkmate"]

1. d4 Nf6 2. c4 e6 3. Nc3 d5 4.
cxd5 exd5 5. Bg5 Bb4 6. Nf3 Nbd7 7. e3 c5 8. a3 Bxc3+ 9. bxc3 c4 10. Nd2 Qa5 11. Qc2 O-O 12. Be2 Re8 13. O-O Ne4 14. Nxe4 dxe4 15. Bf4 Nb6 16. Bc7 Qd5 17. Rab1 Re6 18.
Rb4 Rc6 19. Bxb6 axb6 20. Qb2 Ra6 21. Rb1 Rg6 22. Bxc4 Qh5 23. g3 Bg4 24. h4 Bf3 25. Kf1 Qf5 26. Bxa6 Qh3+ 27. Ke1 bxa6 28. Rxb6 h5 29.
Rxg6 fxg6 30. Qb8+ Kh7 31. Qb2 Qh1+ 32. Kd2 Qg2 33.
Kc1 Qf1+ 34. Kc2 Qxf2+ 35. Kb3 Qxe3 36. d5 Qc5 37. c4 e3 38. Qc3 Be4 39. Re1 Qb6+ 40.
Qb4 Qd4 41. Qc3 Qb6+ 42. Ka2 e2 43. c5 Bxd5+ 44. Ka1 Qb5 45. Qb2 Qc4 46. Rxe2 Qxc5 47. Rc2 Qg1+ 48. Qc1 Qxg3 49. Rc3 Qxh4 50. Qd2 Be6 51.
Kb2 Bf5 52. Rc7 Qg3 53. Rc3 Qb8+ 54. Ka2 Qb1# 0-1

[Event "*** Titled Tuesday Blitz"]
[Site "Chess.com"]
[Date "2020.11.24"]
[Round "3"]
[White "Chamal_Gedgafov"]
[Black "The_Machine04"]
[Result "0-1"]
[WhiteElo "2178"]
[BlackElo "2490"]
[TimeControl "180+1"]
[EndTime "10:45:19 PST"]
[Termination "The_Machine04 won on time"]

1. d4 d6 2. c4 e5 3. d5 f5 4. Nc3 Nf6 5. e4 fxe4 6. Bg5 Bf5 7.
Nge2 Be7 8. Ng3 Bg6 9. Bxf6 gxf6 10. Ngxe4 f5 11. Ng3 f4 12. Nge4 Nd7 13. Bd3 Nf6 14.
Qe2 Qd7 15. h4 Rg8 16. O-O-O O-O-O 17. g3 fxg3 18. fxg3 Qg4 19. Nxf6 Qxe2 20. Nxe2 Bxf6 21. Bxg6 Rxg6 22. Rdf1 Bg7 23. Rf7 Rg4 24. b3 a6 25.
Rhf1 b5 26. cxb5 axb5 27. Re7 Rd7 28. Re8+ Kb7 29. Rf3 e4 30. Rf5 Be5 31. Kc2 Rdg7 32.
Rexe5 dxe5 33. Rxe5 Rf7 34. Kd2 Rf3 35. Re7 Kb6 36.
Rxh7 Rd3+ 37. Kc2 Rxd5 38. Re7 c6 39. a3 Rf5 40. Re8 Rf3 41. Kd2 Rxb3 42. h5 Rxa3 43. h6 Ra7 44. Re6 Rh7 0-1

[Event "*** Titled Tuesday Blitz"]
[Site "Chess.com"]
[Date "2020.11.24"]
[Round "3"]
[White "GregShahade"]
[Black "Kislov_Oleg"]
[Result "1-0"]
[WhiteElo "2740"]
[BlackElo "2364"]
[TimeControl "180+1"]
[EndTime "10:45:22 PST"]
[Termination "GregShahade won on time"]

1. e4 e6 2. d4 d5 3. Nd2 Nf6 4. e5 Nfd7 5. c3 c5 6. Bd3 Nc6 7. Ne2 cxd4 8. cxd4 f6 9. exf6 Nxf6 10. O-O Bd6 11.
Nf3 O-O 12. Bf4 Bxf4 13. Nxf4 Qd6 14. Ne2 e5 15. dxe5 Nxe5 16. Nxe5 Qxe5 17. Qd2 Ng4 18. Ng3 Bd7 19. Rae1 Qf6 20. Bb5 Bc6 21. Bxc6 bxc6 22. f3 Nxh2 23. Kxh2 Qh4+ 24. Kg1 Qxg3 25. Re6 Rf6 26.
Rxc6 Rd8 27. Rxf6 gxf6 28. Qd4 Qe5 29. Qxa7 d4 30. Qb6 Rd6 31. Qb8+ Kg7 32. f4 Qe3+ 33. Kh2 Re6 34. Rf3 Qe4 35. Rg3+ Kh6 36. Qf8+ Kh5 37.
Qf7+ Kh4 38. Rh3+ Kg4 39. Qh5+ Kxf4 40. Rf3+ Qxf3 41. Qxf3+ Ke5 42. a4 Rd6 43. Qd3 f5 44. b4 Rc6 45. a5 Rc3 46. Qb5+ Kf4 47. a6 d3 48. a7 d2 49. Qf1+ Kg4 50. Qd1+ 1-0

[Event "*** Titled Tuesday Blitz"]
[Site "Chess.com"]
[Date "2020.11.24"]
[Round "3"]
[White "vladislavkovalev"]
[Black "smshk35"]
[Result "0-1"]
[WhiteElo "2804"]
[BlackElo "2474"]
[TimeControl "180+1"]
[EndTime "10:45:22 PST"]
[Termination "smshk35 won by resignation"]

1. e4 c5 2. Be2 e5 3. d3 Nf6 4. f4 Nc6 5. Nf3 Bd6 6. f5 Bc7 7. c4 Nd4 8. Nc3 Ba5 9. O-O Bxc3 10. bxc3 Nxf3+ 11. Bxf3 d6 12. g4 h6 13. h4 Nh7 14.
Qe1 Qe7 15. Qg3 g5 16. fxg6 fxg6 17. Bxh6 Be6 18. g5 O-O-O 19. Rf2 Qd7 20. Raf1 Rhe8 21. Kg2 Re7 22. Bd1 a6 23. a4 Rg8 24. Kh2 Rge8 25. Bf8 Nxf8 26. Rxf8 Rh7 27. Rxe8+ Qxe8 28. Rf6 Kb8 29.
a5 Rf7 30. Qf2 Rxf6 31. Qxf6 Qf7 32. Qxf7 Bxf7 33. Kg3 b6 34. h5 gxh5 35. Kh4 bxa5 36. Bxh5 Be6 37. Bd1 Bf7 38. Kg4 Bg6 39. Ba4 Kc7 40.
Kf3 Kd8 41. Ke2 Be8 42. Bxe8 Kxe8 43. Kd2 Kf7 44. Kc2 Kg6 45. Kb3 Kxg5 46. Ka4 Kf4 47.
Kxa5 Ke3 48. Kxa6 Kxd3 49. Kb5 Kxe4 50. Kc6 Kd3 51. Kxd6 Kxc4 0-1

[Event "*** Titled Tuesday Blitz"]
[Site "Chess.com"]
[Date "2020.11.24"]
[Round "3"]
[White "lucachess49"]
[Black "Chess_Boxer123"]
[Result "0-1"]
[WhiteElo "2350"]
[BlackElo "2530"]
[TimeControl "180+1"]
[EndTime "10:45:23 PST"]
[Termination "Chess_Boxer123 won by checkmate"]

1. d4 d5 2. c4 c6 3. Nc3 Nf6 4. e3 e6 5. Nf3 Nbd7 6. Qc2 Bd6 7. Bd3 dxc4 8. Bxc4 b5 9. Bd3 Bb7 10. O-O O-O 11. h3 h6 12. e4 e5 13. Be3 a6 14.
dxe5 Nxe5 15. Nxe5 Bxe5 16. Rad1 Qe7 17. f4 Bxc3 18.
bxc3 c5 19. e5 Nd5 20. Bc1 c4 21. Bh7+ Kh8 22. Be4 Rad8 23. Rde1 b4 24. Bxd5 Rxd5 25. cxb4 Qxb4 26. f5 Rfd8 27. e6 Rd2 28. Bxd2 Rxd2 29. e7 Qc5+ 30. Kh2 Qd6+ 31. Kg1 Qd4+ 32. Kh2 Qd6+ 33. Kg1 Rxc2 34. e8=Q+ Kh7 35. Re2 Rxe2 36. Qxe2 c3 37. f6 g6 38. Qc2 Qd4+ 39. Kh1 Be4 40. Qf2 Qd5 41. Qa7 Bxg2+ 42. Kh2 Bxf1 43. Qe7 Qg2# 0-1

[Event "*** Titled Tuesday Blitz"]
[Site "Chess.com"]
[Date "2020.11.24"]
[Round "3"]
[White "esskeettit"]
[Black "HrvojeZagreb"]
[Result "0-1"]
[WhiteElo "2489"]
[BlackElo "2264"]
[TimeControl "180+1"]
[EndTime "10:45:23 PST"]
[Termination "HrvojeZagreb won by checkmate"]

1. d4 e6 2. c4 f5 3. g3 Nf6 4.
Bg2 Be7 5. Nh3 O-O 6. Nf4 d6 7. O-O c6 8. Nc3 e5 9. dxe5 dxe5 10. Nd3 Qc7 11. Qc2 Na6 12. a3 Nc5 13. b4 Ne6 14. e3 e4 15. Nf4 Nxf4 16. exf4 Be6 17.
Ne2 Rad8 18. Bb2 Rd3 19. Rfd1 Rfd8 20. Nd4 Bc8 21. Rxd3 exd3 22. Qxd3 c5 23. bxc5 Bxc5 24. Rd1 Qb6 25. Bc3 Bxa3 26. Rb1 Qc7 27. Qe2 Bc5 28. Nb5 Qb6 29. Rf1 a6 30. Ra1 axb5 31.
Ba5 Qa7 32. Bxd8 Qxa1+ 33. Bf1 Ne4 34. Qh5 Bxf2+ 35. Kg2 g6 36. Qh4 Qb2 37. Kh3 Bxg3 38. hxg3 Nf2+ 39. Kg2 Ng4+ 40. Kh1 Qf2 41. Qh3 Bd7 42.
Bg2 Qe1+ 43. Bf1 Bc6+ 44. Kg1 Qf2# 0-1

[Event "*** Titled Tuesday Blitz"]
[Site "Chess.com"]
[Date "2020.11.24"]
[Round "3"]
[White "googlegoom"]
[Black "Soltan49"]
[Result "1-0"]
[WhiteElo "2470"]
[BlackElo "2237"]
[TimeControl "180+1"]
[EndTime "10:45:23 PST"]
[Termination "googlegoom won by resignation"]

1. Nf3 c5 2. b3 d5 3. Bb2 Nc6 4. e3 Nf6 5. Be2 Bg4 6. d4 e6 7. Nbd2 Bd6 8. O-O O-O 9. c4 Rc8 10. Rc1 cxd4 11. Nxd4 Bxe2 12. Qxe2 Qe7 13. cxd5 Nxd4 14.
Bxd4 Nxd5 15. Nc4 Ba3 16. Rcd1 Bc5 17. Ba1 b5 18. Ne5 a6 19. h3 h6 20. e4 Nf6 21. a4 Qb7 22. Ng4 Nxe4 23. axb5 f5 24.
bxa6 Qa7 25. Ne5 Ng3 26. Qb2 Nxf1 27. Kxf1 Rcd8 28. Rxd8 Rxd8 29. Nc6 Qxa6+ 30. Ke1 Rd4 31. Nxd4 Bb4+ 32. Kd1 Qd3+ 33. Kc1 Qf1+ 34. Kc2 Qxf2+ 35. Kb1 Qe1+ 36. Ka2 Qd1 37. Nxe6 Kf7 38. Nxg7 Bf8 39. Qf6+ Kg8 40. Qe6+ Kh7 41. Qxf5+ Kg8 42. Qe6+ Kh7 43. Nf5 Qc2+ 44. Bb2 Qc7 45. Kb1 Qf7 46. Qxf7+ 1-0

[Event "*** Titled Tuesday Blitz"]
[Site "Chess.com"]
[Date "2020.11.24"]
[Round "3"]
[White "theblitzchamp"]
[Black "Shahinyan_ChessMood"]
[Result "0-1"]
[WhiteElo "2615"]
[BlackElo "2844"]
[TimeControl "180+1"]
[EndTime "10:45:24 PST"]
[Termination "Shahinyan_ChessMood won by checkmate"]

1. d4 Nf6 2. Bf4 g6 3. Nc3 d5 4. e3 Bg7 5. h4 h6 6. Nf3 c6 7. Qd2 Bf5 8. O-O-O Nbd7 9. Ne5 Nxe5 10. Bxe5 Ne4 11.
Nxe4 Bxe5 12. dxe5 Bxe4 13. e6 fxe6 14. f3 Bf5 15. g4 e5 16. gxf5 gxf5 17. Qc3 Qd6 18. f4 O-O-O 19. fxe5 Qc7 20. Rg1 Rhg8 21. Bd3 e6 22.
Qd4 c5 23. Qf4 c4 24. Be2 c3 25. b3 Qc5 26. Rdf1 Qa3+ 27. Kd1 Qxa2 28. Ke1 Qxc2 29.
Qb4 d4 30. exd4 Qd2+ 31. Kf2 Qf4+ 32. Ke1 Qxh4+ 33. Kd1 Rxd4+ 34. Kc2 Qe4+ 35. Kxc3 Qe3+ 36. Kb2 Qxe2+ 37. Ka3 Qa6+ 38. Kb2 Rxb4 39. Rxg8+ Kc7 40. Rfg1 Qe2+ 41. Ka3 Rb5 42. R1g7+ Kb6 43. Rb8 Ka6 44. Ra8 Qxe5 45. Rg6 Qa1# 0-1

[Event "*** Titled Tuesday Blitz"]
[Site "Chess.com"]
[Date "2020.11.24"]
[Round "3"]
[White "yobdc"]
[Black "Gabrielian_Artur"]
[Result "0-1"]
[WhiteElo "2449"]
[BlackElo "2763"]
[TimeControl "180+1"]
[EndTime "10:45:24 PST"]
[Termination "Gabrielian_Artur won by resignation"]

1. e4 e5 2. Nf3 Nc6 3. Bb5 g6 4. d4 exd4 5. Nxd4 Bg7 6. Be3 Nge7 7. Nc3 O-O 8. O-O a6 9. Ba4 d6 10. Re1 Nxd4 11. Bxd4 Bxd4 12. Qxd4 c5 13. Qf6 b5 14.
Bxb5 axb5 15. Nxb5 Nc6 16. Qxd6 Qxd6 17. Nxd6 Nd4 18.
Rac1 Rxa2 19. c3 Nb3 20. Rc2 Ba6 21. f4 Bd3 22. Rf2 Rfa8 23. h4 Ra1 24. Rxa1 Rxa1+ 25. Kh2 f6 26. f5 Ra6 27. Ne8 gxf5 28. Rxf5 Kf7 29. Nc7 Rc6 30. Rd5 Rxc7 31. Rxd3 c4 32.
Rd8 Nc5 33. Rd4 Ne6 34. Rd6 Ke7 35. Rb6 Nc5 36. Kg3 Nxe4+ 37. Kf4 Nd6 38. g4 Rb7 39.
Rxb7+ Nxb7 40. g5 Ke6 41. gxf6 Kxf6 42. Ke4 Kg6 43. Kd5 Na5 44. Kc5 Kh5 45. Kb5 Kxh4 46. Kxa5 Kg5 47. Kb5 h5 48. Kxc4 h4 49. b4 h3 50. b5 h2 51. b6 h1=Q 0-1

[Event "*** Titled Tuesday Blitz"]
[Site "Chess.com"]
[Date "2020.11.24"]
[Round "3"]
[White "filipluczak05"]
[Black "Artooooo"]
[Result "1-0"]
[WhiteElo "2456"]
[BlackElo "2733"]
[TimeControl "180+1"]
[EndTime "10:45:24 PST"]
[Termination "filipluczak05 won on time"]

1. d4 Nf6 2. Bg5 c5 3. d5 Qb6 4. Nc3 Qxb2 5. Bd2 Qb6 6. e4 d6 7.
a4 g6 8. Nf3 Bg7 9. h3 O-O 10.
Be2 Na6 11. O-O Nb4 12. Re1 a6 13. Bf1 Qc7 14. Ra3 Bd7 15. Nb1 a5 16. Bc4 e6 17.
dxe6 Bxe6 18. Bxe6 fxe6 19. Bf4 e5 20. Bg5 Nh5 21.
c3 Nc6 22. Nbd2 h6 23. Be3 Nd4 24. cxd4 exd4 25. Bxd4 cxd4 26. Nb3 Nf4 27. Nbxd4 Kh7 28. Nb5 Qf7 29. Nxd6 Qe7 30. Nb5 Rad8 31. Qc2 Rc8 32.
Qa2 Qb4 33. Rb3 Qe7 34. e5 Rc4 35. Rbe3 Rfc8 36. Nd6 Rc2 37. Qb3 R8c7 38. Nd4 Rc1 39. N4b5 Rxe1+ 40. Rxe1 Rc6 41. Re4 Rc1+ 42. Kh2 Bxe5 43. g3 Nh5 44. Qe3 1-0

[Event "*** Titled Tuesday Blitz"]
[Site "Chess.com"]
[Date "2020.11.24"]
[Round "3"]
[White "03revilo"]
[Black "Gudmundur_Kjartansson"]
[Result "0-1"]
[WhiteElo "2371"]
[BlackElo "2554"]
[TimeControl "180+1"]
[EndTime "10:45:24 PST"]
[Termination "Gudmundur_Kjartansson won by resignation"]

1. e4 c5 2. Nf3 d6 3. d4 cxd4 4. Nxd4 Nf6 5. Nc3 a6 6. Be3 e5 7. Nf3 Be7 8. Bc4 O-O 9. O-O Be6 10. Bb3 Nc6 11. Bg5 Na5 12. Bxf6 Bxf6 13. Bd5 Qc7 14. Qe2 Rac8 15. Rfd1 b5 16. a3 Rfd8 17. Qd3 Nc4 18.
Bxc4 Bxc4 19. Qe3 h6 20. Rd2 a5 21. Rad1 b4 22. axb4 axb4 23. Ne2 Qc6 24. Ng3 d5 25. exd5 Rxd5 26. Nh5 Rxd2 27. Rxd2 e4 28. Nxf6+ Qxf6 29. Qxe4 Qxb2 30. h3 Be6 31. Kh2 Qc3 32. Re2 Rc4 33.
Qe5 Qxe5+ 34. Nxe5 Rc3 35. g4 Kf8 36. Kg2 f6 37. f3 fxe5 38. Rxe5 Rxc2+ 39. Kg3 Kf7 40. Rb5 Rb2 41. Rb7+ Kf6 42. f4 Bd5 43. f5 Bxb7 44.
Kf4 Rf2+ 45. Ke3 Rf3+ 46. Ke2 Rxh3 47. g5+ Kxg5 48. f6 Kxf6 0-1

[Event "*** Titled Tuesday Blitz"]
[Site "Chess.com"]
[Date "2020.11.24"]
[Round "3"]
[White "shnitez"]
[Black "aa175"]
[Result "0-1"]
[WhiteElo "2492"]
[BlackElo "2273"]
[TimeControl "180+1"]
[EndTime "10:45:24 PST"]
[Termination "aa175 won by resignation"]

1. c4 Nf6 2. Nc3 d5 3. cxd5 Nxd5 4. e4 Nxc3 5. bxc3 g6 6. h4 Bg7 7. h5 c5 8. Bc4 Nc6 9. Nf3 e6 10. Qe2 b6 11. Qe3 Nb4 12. cxb4 Bxa1 13. e5 Bb7 14. hxg6 fxg6 15. Bb5+ Kf8 16. Ng5 Qe7 17. bxc5 a6 18. Bc4 Bd5 19. Bxd5 exd5 20. d4 bxc5 21. Ba3 Bxd4 22.
Qf4+ Ke8 23. O-O Qxe5 24. Qg4 Kd8 25. Nf3 Qe4 26. Qg5+ Qe7 27. Qg4 Qd7 28. Qh5 gxh5 29. Ng5 Bxf2+ 30. Rxf2 Rg8 31. Nf7+ Kc8 32. Ne5 Qe6 33.
Nd3 Qe4 34. Nxc5 Qd4 35. Ne6 Qd1+ 36. Kh2 Qg4 37. Rc2+ Kd7 38. Nd4 Qxd4 39. Bb2 Qg4 40. Rf2 Qg3+ 41. Kg1 Qxf2+ 42. Kxf2 Rg4 43. Kf1 Rc8 44.
Bd4 Rc4 45. Be3 Ra4 46. Bf2 Ke6 47. Ke2 Kf5 48. Kf3 Ra3+ 49. Ke2 Rxa2+ 50. Kf1 Ra3 51. Kg1 Rag3 52. Kh2 Rxg2+ 53. Kh3 Rg1 54. Kh2 R4g2+ 55. Kh3 Rxf2 0-1

[Event "*** Titled Tuesday Blitz"]
[Site "Chess.com"]
[Date "2020.11.24"]
[Round "3"]
[White "Onischuk_V"]
[Black "Euwe1234"]
[Result "0-1"]
[WhiteElo "2846"]
[BlackElo "2483"]
[TimeControl "180+1"]
[EndTime "10:45:25 PST"]
[Termination "Euwe1234 won on time"]

1. e4 c5 2. Nf3 Nc6 3. Bb5 g6 4. Bxc6 dxc6 5. h3 e5 6. d3 f6 7. Nc3 Nh6 8. a4 Nf7 9. Nd2 Be6 10. Qe2 b6 11. b3 Bd6 12. Nc4 Bc7 13. O-O a5 14.
Kh1 g5 15. Ne3 h5 16. Nf5 Rh7 17. Kg1 Qd7 18. Nd1 Nd6 19. Nxd6+ Bxd6 20. Ne3 O-O-O 21. Bd2 Bc7 22. f3 Rg8 23. Kf2 g4 24. hxg4 hxg4 25. fxg4 Bxg4 26. Nxg4 Rxg4 27. Rh1 Qd4+ 28. Be3 Rf4+ 29.
Kg3 Rg7+ 30. Kh3 Qd8 31. Kh2 Rfg4 32. Kg1 Qg8 33. Rh2 f5 34. Rf1 fxe4 35. dxe4 Rxe4 36. Qf3 Rgg4 37. Rf2 Kb7 38. Rh6 Qd5 39. Rf6 c4 40. Rf7 cxb3 41. cxb3 b5 0-1

[Event "*** Titled Tuesday Blitz"]
[Site "Chess.com"]
[Date "2020.11.24"]
[Round "3"]
[White "amatatanav"]
[Black "Love_craft"]
[Result "0-1"]
[WhiteElo "2411"]
[BlackElo "2596"]
[TimeControl "180+1"]
[EndTime "10:45:25 PST"]
[Termination "Love_craft won on time"]

1. e4 g6 2. d4 Bg7 3. Nc3 d6 4. f4 a6 5. Nf3 b5 6. Bd3 Bb7 7. O-O e6 8. f5 e5 9. fxg6 hxg6 10. Ng5 Nh6 11. d5 Nd7 12. a4 b4 13. Ne2 Qe7 14. a5 Nc5 15. h3 f6 16. Nf3 Bc8 17.
Qe1 Rb8 18. b3 Bd7 19. Bd2 Nxd3 20. cxd3 Bb5 21. Nc1 Nf7 22. Bxb4 f5 23. Bd2 f4 24. Nh2 Bf6 25. Ng4 Bh4 26. Qd1 Ng5 27. Ra2 Kd7 28. Be1 f3 29. Bxh4 Rxh4 30. Rxf3 Nxf3+ 31. Qxf3 Rf8 32. Qe3 Rh7 33. Rf2 Rhf7 34. Rxf7 Qxf7 35. Nf2 Qf4 36.
Qxf4 exf4 37. Kf1 f3 38. g3 c6 39. dxc6+ Kxc6 40. Ke1 Kc5 41. Kd2 Kb4 42. h4 Kxa5 43.
Ke3 Kb4 44. g4 Kc3 45. d4 Kb2 46. Ncd3+ Kxb3 47. Nf4 a5 48. Nxg6 Re8 49. h5 a4 50.
h6 a3 51. h7 a2 0-1

[Event "*** Titled Tuesday Blitz"]
[Site "Chess.com"]
[Date "2020.11.24"]
[Round "3"]
[White "halldorgretar"]
[Black "zmeeed67"]
[Result "0-1"]
[WhiteElo "2162"]
[BlackElo "2410"]
[TimeControl "180+1"]
[EndTime "10:45:25 PST"]
[Termination "zmeeed67 won on time"]

1. d4 Nc6 2. Nf3 d6 3. g3 Nf6 4. Bg2 Bg4 5. O-O e5 6. dxe5 dxe5 7. Nbd2 Qc8 8. Nc4 Qe6 9. b3 Rd8 10. Qe1 h6 11. Bb2 Nd7 12. Rd1 Bb4 13. c3 Be7 14.
Qd2 Nb6 15. Qe3 Nxc4 16. Rxd8+ Bxd8 17. bxc4 O-O 18. Nd2 Bg5 19. Bd5 Bxe3 20. Bxe6 Bxe6 21. fxe3 Na5 22. c5 Rd8 23. Nf3 f6 24. Kf2 Nc4 25. Bc1 Rd5 26. e4 Rxc5 27. Rd1 Ra5 28. Rd8+ Kf7 29.
Rb8 b6 30. Rb7 Rxa2 31. Rxc7+ Kg8 32. Nh4 Kh7 33. Nf5 Bxf5 34. exf5 Nd6 35. g4 Rc2 36. Be3 Ne4+ 37. Kf3 Rxc3 38. Rxa7 Ng5+ 39. Kf2 b5 40. h4 Ne4+ 41. Kf3 Nd2+ 42. Kf2 Nc4 43. Bc5 Rh3 44.
Bf8 Rxh4 0-1

[Event "*** Titled Tuesday Blitz"]
[Site "Chess.com"]
[Date "2020.11.24"]
[Round "3"]
[White "GoltsevDmitry2000"]
[Black "2346PL"]
[Result "1-0"]
[WhiteElo "2675"]
[BlackElo "2432"]
[TimeControl "180+1"]
[EndTime "10:45:28 PST"]
[Termination "GoltsevDmitry2000 won by resignation"]

1. e4 c5 2. Nf3 Nf6 3. Nc3 Nc6 4.
e5 Ng4 5. Ne4 Ngxe5 6. Nxe5 Nxe5 7. Nxc5 e6 8. Nd3 Qc7 9. c3 a6 10. Nxe5 Qxe5+ 11. Qe2 Qc7 12. g3 b5 13. Bg2 Bb7 14. O-O Bxg2 15. Kxg2 Be7 16. a4 b4 17. Qe4 O-O 18. c4 b3 19. d3 Rfd8 20. Bf4 Qc6 21.
Rfc1 Bf6 22. Rcb1 d5 23. cxd5 Qxd5 24. Ra3 Qxd3 25. Qe1 e5 26. Be3 e4 27. Bf4 Rac8 28.
a5 Rc2 29. Be3 Rxb2 30. Rc1 Rc2 31. Rb1 Bb2 32. Bb6 Rd5 33. Ra4 Bc3 34. Qxe4 Qxe4+ 35. Rxe4 f5 36. Re8+ Kf7 37. Ra8 b2 38. Be3 Rxa5 39.
Ra7+ Kg6 40. Rc7 Ra1 41. Rxb2 Rxb2 42. Rxc3 Rba2 43. Rc6+ Kf7 44. Rc7+ Ke6 45. Rxg7 a5 46. Rxh7 a4 47. Ra7 Rb1 48. h4 a3 49. h5 Rb3 50.
h6 Rb8 51. Bd4 Kd5 52. Ra4 Rd2 53. Bg7 a2 54. h7 Ke6 55. h8=Q Rxh8 56. Bxh8 1-0

[Event "*** Titled Tuesday Blitz"]
[Site "Chess.com"]
[Date "2020.11.24"]
[Round "3"]
[White "Szparu"]
[Black "GMJustin"]
[Result "0-1"]
[WhiteElo "2492"]
[BlackElo "2278"]
[TimeControl "180+1"]
[EndTime "10:45:28 PST"]
[Termination "GMJustin won by resignation"]

1. e4 e5 2. Nf3 Nc6 3. Bb5 a6 4. Ba4 Nf6 5. O-O Be7 6. Re1 b5 7. Bb3 d6 8. c3 O-O 9. d4 Bg4 10. Be3 Bh5 11. h3 Na5 12. Bc2 Nc4 13. Bc1 exd4 14.
cxd4 c5 15. b3 Nb6 16. Bb2 c4 17. Nbd2 Rc8 18. Re3 d5 19. e5 Ne8 20. Bf5 Rc6 21.
Rc1 Nc7 22. g4 Bg6 23. Nf1 Ne6 24. Ng3 Ng5 25. Kg2 b4 26. Rc2 Ne6 27. Bxg6 fxg6 28.
Ne2 c3 29. Bc1 a5 30. Qd3 a4 31. Qb5 Qc8 32. Ne1 axb3 33. axb3 Bg5 34. Nd3 Bxe3 35. Bxe3 Nd7 36. Nxb4 Rb6 37. Qa5 Rb7 38. Nxd5 Kh8 39. Rxc3 Qb8 40. b4 Rb5 41. Qa6 Rxd5 42. Qxe6 Qb7 43.
Rc6 Rb5 44. f3 Rxb4 45. d5 Rb2 46. Kf2 Qb5 47. Rc2 Rxc2 0-1

[Event "*** Titled Tuesday Blitz"]
[Site "Chess.com"]
[Date "2020.11.24"]
[Round "3"]
[White "GM_dmitrij"]
[Black "Zubrrr"]
[Result "1-0"]
[WhiteElo "2888"]
[BlackElo "2654"]
[TimeControl "180+1"]
[EndTime "10:45:29 PST"]
[Termination "GM_dmitrij won by resignation"]

1. e4 c5 2. Nf3 d6 3. Bb5+ Nd7 4. O-O Nf6 5. Re1 e5 6. c3 h6 7. d4 Qc7 8. dxe5 dxe5 9. c4 Be7 10. Nc3 O-O 11.
Be3 Nb6 12. Ba4 Nxc4 13. Bb3 Nxe3 14. Rxe3 c4 15. Bc2 Bc5 16. Re1 Bg4 17. h3 Bh5 18. Qe2 Bb4 19. g4 Bg6 20. Nd2 Rac8 21. Rac1 Bxc3 22.
bxc3 b5 23. a4 a6 24. Rb1 Qa5 25. axb5 Qxc3 26. Nf3 axb5 27. Rxb5 Rfe8 28. Kg2 Nd7 29. Ba4 Ra8 30. Qd1 Red8 31. Rd5 Kh7 32. Bxd7 Ra2 33.
Re2 Ra1 34. Qd2 Qb3 35. h4 c3 36. Qe3 Qb1 37. Re1 Qxe4 38. Qxe4 Bxe4 39. Bf5+ Bxf5 40.
Rxd8 Rxe1 41. Nxe1 Bxg4 42. Rd5 f6 43. Rc5 h5 44. Rxc3 Kg6 45. Kg3 Be6 46. Ng2 Bd5 47. f4 Be4 48. fxe5 fxe5 49. Rc5 Kf6 50. Ne3 Bd3 51. Nc4 e4 52. Ne3 g6 53. Kf4 1-0

[Event "*** Titled Tuesday Blitz"]
[Site "Chess.com"]
[Date "2020.11.24"]
[Round "3"]
[White "machupichu10"]
[Black "dopolian"]
[Result "1-0"]
[WhiteElo "2759"]
[BlackElo "2411"]
[TimeControl "180+1"]
[EndTime "10:45:29 PST"]
[Termination "machupichu10 won by resignation"]

1. d4 Nf6 2. Bf4 g6 3. c3 Bg7 4. h3 O-O 5. e3 d5 6. Nf3 c6 7.
Nbd2 Bf5 8. Be2 Nbd7 9. O-O Ne4 10. Nxe4 Bxe4 11. Nd2 Bf5 12. a4 a5 13. c4 Qb6 14. cxd5 cxd5 15. Bb5 e5 16. dxe5 Nxe5 17. Nb3 Rfd8 18. Nd4 Bd7 19. Rc1 Rac8 20. Bxd7 Rxc1 21. Qxc1 Rxd7 22. Nb5 Nd3 23. Qc8+ Rd8 24. Qc7 Qxc7 25. Bxc7 Rc8 26. b3 Nc5 27. Rb1 Ra8 28. Bb6 Nd7 29.
Bc7 Nc5 30. Bd6 Ne4 31. Rd1 Nf6 32. g4 Rd8 33. Bc7 Rd7 34. Bxa5 h5 35. f3 hxg4 36. hxg4 Bh6 37. Kf2 Re7 38. Bb6 Re6 39. Bd4 Nd7 40. Nc3 Rd6 41. a5 Nb8 42. Be5 Rd8 43. Bxb8 Rxb8 44.
Nxd5 Ra8 45. b4 Bf8 46. Rc1 Rd8 47. e4 Bd6 48. f4 Kf8 49. Ke3 Re8 50. e5 Bb8 51. Ke4 Rd8 52. g5 Rd7 53. Rh1 Kg7 54. Nf6 Rc7 55. Rh7+ Kf8 56. Rh8+ 1-0

[Event "*** Titled Tuesday Blitz"]
[Site "Chess.com"]
[Date "2020.11.24"]
[Round "3"]
[White "BebeBonito2022"]
[Black "GodDMuhammad"]
[Result "1-0"]
[WhiteElo "2096"]
[BlackElo "2311"]
[TimeControl "180+1"]
[EndTime "10:45:29 PST"]
[Termination "BebeBonito2022 won by checkmate"]

1. d4 Nf6 2. c4 e5 3. dxe5 Ng4 4.
Bf4 Nc6 5. Nf3 Bb4+ 6. Nbd2 Qe7 7.
e3 Ngxe5 8. Nxe5 Nxe5 9. Be2 O-O 10. O-O b6 11. Nb3 Bb7 12. Bxe5 Qxe5 13. Nd4 Bd6 14. g3 Rfe8 15. Bf3 Bxf3 16. Qxf3 g6 17. Rad1 c6 18. Rd2 Rad8 19. Rfd1 Be7 20. a3 a6 21. Kg2 c5 22.
Ne2 d6 23. Nc3 Bf8 24. Nd5 Kg7 25. Nxb6 h5 26. h4 Re6 27. Qf4 Qxf4 28. gxf4 Be7 29. Kg3 Rb8 30. Nd5 Bf8 31. b4 Re4 32. Rc2 Rb7 33. Kf3 Re6 34. e4 Re8 35. Rb1 Reb8 36. Rcb2 a5 37. b5 f5 38. exf5 gxf5 39. Rg1+ Kf7 40. Rg5 Ke6 41. Re2+ Kf7 42. Rxf5+ Kg6 43. Rg5+ Kh7 44. Rxh5+ Kg6 45. Rg5+ Kf7 46. Rf5+ Kg8 47.
Re6 Bg7 48. Rg6 Kh7 49. Rfg5 Rf8 50. Kg4 Rff7 51. f5 a4 52. Rh5+ Kg8 53. f6 Kf8 54. fxg7+ Rxg7 55. Rh8+ Kf7 56. Rxg7+ Kxg7 57. Re8 Rf7 58.
Re7 Kf8 59. Rxf7+ Kxf7 60. Kf5 Ke8 61. b6 Kd7 62. h5 Kc6 63. h6 Kb7 64. h7 Kc6 65. h8=Q Kb7 66. Qh7+ Ka6 67. Qa7# 1-0